 Dungeon Crawl Stone Soup version 0.26-a0-542-gbaa144ba5c (webtiles) character file.

Game seed: 9120429326720896654

714 GeoCrane the Slasher (level 8, 0/63 HPs)
             Began as a Human Fighter on Aug 18, 2020.
             Killed from afar by an orc wizard (9 damage)
             ... with a magic dart
             ... on level 4 of the Dungeon.
             The game lasted 00:22:54 (5192 turns).

GeoCrane the Slasher (Human Fighter)                Turns: 5192, Time: 00:22:55

Health: 0/63       AC:  8    Str: 19    XL:     8   Next: 1%
Magic:  8/8        EV:  6    Int:  9    God:
Gold:   177        SH:  8    Dex: 12    Spells: 7/7 levels left

rFire    . . .     SeeInvis .   a - +0 long sword
rCold    . . .     Faith    .   c - +0 kite shield
rNeg     . . .     Spirit   .   b - +0 scale mail
rPois    .         Reflect  .   s - +0 helmet
rElec    .         Harm     .   t - +0 cloak
rCorr    .                      (no gloves)
MR       .....                  (no boots)
Stlth    ..........             (no amulet)
HPRegen  0.20/turn              (no ring)
MPRegen  0.11/turn              (no ring)

@: heavily drained
A: no striking features
a: no special abilities


You were on level 4 of the Dungeon.
You visited 1 branch of the dungeon, and saw 4 of its levels.
You also visited: Sewer.

You collected 177 gold pieces.

Inventory:

Hand Weapons
 a - a +0 long sword (weapon)
 e - a +4 dagger
 o - a +0 vorpal flail
 A - a +2 rapier of electrocution
Missiles
 u - 6 atropa-tipped darts
 D - 21 poisoned darts (quivered)
Armour
 b - a +0 scale mail (worn)
 c - a +0 kite shield (worn)
 s - a +0 helmet (worn)
 t - a +0 cloak (worn)
 B - a +2 robe of cold resistance
Wands
 r - a wand of iceblast (5)
 x - a wand of paralysis (7)
Scrolls
 f - 5 scrolls of identify
 g - 3 scrolls of teleportation {unknown}
 h - a scroll of noise {unknown}
 i - 6 scrolls of remove curse
 j - 2 scrolls of blinking {unknown}
 n - 2 scrolls of fear {unknown}
 w - 2 scrolls of random uselessness {unknown}
 y - a scroll of magic mapping {unknown}
 C - a scroll of enchant weapon {unknown}
Potions
 d - a potion of might
 k - 2 potions of degeneration {unknown}
 l - 2 potions of heal wounds
 m - 3 potions of curing {unknown}
 p - a potion of flight {unknown}
 q - a potion of berserk rage {unknown}
 v - a potion of mutation {unknown}
 z - a potion of haste {unknown}


   Skills:
 + Level 5.5(3.5) Fighting
 * Level 6.9(4.9) Long Blades
 - Level 3.0(1.2) Armour
 - Level 3.0(1.2) Shields


You had 7 spell levels left.
You didn't know any spells.
Your spell library contained the following spells:

 Spells                   Type           Power        Failure   Level
 Confusing Touch          Hex            #.......     100%        3
 Gell's Gravitas          Tloc           #.........   100%        3
 Petrify                  Tmut/Erth      #.......     100%        4
 Metabolic Englaciation   Hex/Ice        #.........   100%        5
 Yara's Violent Unravell  Hex/Tmut       #.........   100%        5


Dungeon Overview and Level Annotations

Branches:
Dungeon (4/15)              Sewer (visited)
 Temple: D:4-7

Altars:
Dithmenos
Elyvilon
Gozag
Hepliaklqana
Qazlal

Annotations:
D:4 1 runed translucent door, Crazy Yiuf


Message History

A puff of frost appears from out of thin air!
The puff of frost hits you!
* * * LOW HITPOINT WARNING * * *
Something hits you but does no damage.
You feel drained.
You hear some strange, mumbled words.
A puff of frost appears from out of thin air!
The puff of frost hits you.
* * * LOW HITPOINT WARNING * * *
You hear some strange, mumbled words. x2
A puff of frost appears from out of thin air!
The puff of frost hits you.
* * * LOW HITPOINT WARNING * * *
A magic dart appears from out of thin air!
The magic dart hits you!
* * * LOW HITPOINT WARNING * * *
Something hits you but does no damage.
You feel drained.
You hear some strange, mumbled words.
A magic dart appears from out of thin air!
The magic dart hits you!
You die...

#.# #.# #o# #.# #o# #.##.#
####.##.# #.{..##.# #@#####.#
########## #.# #.# .........#
#.# #.# ########.# ##.## #.#
#######.######...####.##
#.g.g..................#########
#.############...#####..........
#.# ##.## ########### #g# #.# #


There were no monsters in sight!

Vanquished Creatures
  Sigmund (D:3)
  5 orc wizards
  An iguana (D:4)
  2 worker ants
  Robin (D:3)
  7 gnolls (D:4)
  6 adders
  10 river rats
  An ooze (D:1)
  A worm (D:2)
  5 leopard geckos
  11 orcs
  8 bats
  5 giant cockroaches
  13 goblins
  7 hobgoblins
  6 jackals (D:3)
  4 kobolds
  5 ball pythons
  10 frilled lizards
  20 rats
129 creatures vanquished.

Notes
Turn   | Place    | Note
-------+----------+-------------------------------------------
     0 | D:1      | GeoCrane the Human Fighter began the quest for the Orb.
     0 | D:1      | Reached XP level 1. HP: 18/18 MP: 1/1
    88 | D:1      | Reached XP level 2. HP: 23/24 MP: 2/2
   672 | D:1      | Reached XP level 3. HP: 29/29 MP: 3/3
   814 | D:2      | Found a stormy altar of Qazlal.
   841 | D:2      | Reached skill level 3 in Long Blades
   862 | D:2      | Reached XP level 4. HP: 25/36 MP: 4/4
  1195 | D:2      | Found a white marble altar of Elyvilon.
  1494 | D:3      | Found an opulent altar of Gozag.
  1629 | D:3      | Reached skill level 4 in Long Blades
  1629 | D:3      | Reached XP level 5. HP: 20/42 MP: 5/5
  1880 | D:3      | Reached XP level 6. HP: 17/48 MP: 6/6
  2245 | D:3      | Reached skill level 5 in Long Blades
  2330 | D:3      | Noticed Robin
  2382 | D:3      | Killed Robin
  2695 | D:3      | Noticed a shadow
  2696 | D:3      | Found a shadowy altar of Dithmenos.
  2697 | D:3      | Found a hazy altar of Hepliaklqana.
  3427 | D:4      | Found a glowing drain.
  3442 | Sewer    | Entered a sewer
  3510 | Sewer    | Reached XP level 7. HP: 55/55 MP: 7/7
  3671 | Sewer    | Reached skill level 6 in Long Blades
  3875 | Sewer    | Reached skill level 5 in Fighting
  4341 | D:4      | Noticed Sigmund
  4709 | D:3      | Killed Sigmund
  4923 | D:4      | Reached XP level 8. HP: 61/63 MP: 8/8
  5077 | D:4      | Found a runed translucent door.
  5078 | D:4      | Noticed Crazy Yiuf
  5192 | D:4      | Killed from afar by an orc wizard

Illustrated notes

Levels and vault maps discovered:
D:1:      dpeg_arrival_ternary, layout_basic, minmay_worlds_worst_comb
D:2:      layout_rooms, marbit_many_paths, elyvilon_altar_4, kennysheep_doodads
D:3:      layout_rooms, nicolae_gozag_seed_capital,
          riverfiend_overflow_shadow_ancestor, uniq_robin
D:4:      layout_loops_ring, enter_ossuary_5, portal_sewer_entry_e,
          uniq_crazy_yiuf_cottage, uniq_sigmund, uniq_edmund

Skill      XL: |  1  2  3  4  5  6  7 |
---------------+----------------------+-----
Long Blades    | 3 4 5 6 |  6.9
Fighting       | 4 5 |  5.5
Armour         | |  3.0
Shields        | |  3.0

Action                   |  1- 3 |  4- 6 |  7- 9 || total
-------------------------+-------+-------+-------++-------
Melee: Long sword        |    87 |   304 |   185 ||   576
Throw: Dart              |       |     6 |       ||     6
  Use: Scroll            |       |     2 |       ||     2
       Potion            |       |     1 |     3 ||     4
 Stab: Invisible         |       |     1 |       ||     1
Armor: Scale mail        |    47 |   146 |    62 ||   255
Dodge: Dodged            |    18 |   101 |    36 ||   155
Block: Kite shield       |    45 |   160 |    82 ||   287
       Rpst.: Long sword |     4 |    34 |    11 ||    49

Table legend: (Time is in decaauts)
 A = Elapsed time spent in this place.
 B = Non-inter-level travel time spent in this place.
 C = Inter-level travel time spent in this place.
 D = Time resting spent in this place.
 E = Time spent auto-exploring this place.
 F = Levels seen in this place.
 G = Mean time per level.
                   A        B        C        D        E       F      G
               +--------+--------+--------+--------+--------+-----+--------+
         Total |   5383 |   5263 |    120 |    460 |   3546 |   5 | 1076.6 |
       Dungeon |   4703 |   4583 |    120 |    460 |   3070 |   4 | 1175.8 |
         Sewer |    680 |    680 |      0 |      0 |    476 |   1 |  680.0 |
               +--------+--------+--------+--------+--------+-----+--------+

Top non-repeatable levels by time:
     D:3: 1724 daAuts
     D:4: 1367 daAuts
     D:2: 867 daAuts
     D:1: 743 daAuts
   Sewer: 680 daAuts
